 Dungeon Crawl Stone Soup version 0.15.0-13-gb296d5c (webtiles) character file.

14383 Johnny the Thaumaturge (level 11, -8/82 HPs)
             Began as a Demigod Fire Elementalist on Sept 3, 2014.
             Killed by divine providence
             ... invoked by an orc priest
              (11 damage)
             ... on Level 4 of the Orcish Mines.
             The game lasted 01:21:04 (18774 turns).

Johnny the Thaumaturge (Demigod Fire Elementalist) Turns: 18774, Time: 01:21:05

HP  -8/82        AC 18     Str 13      XL: 11   Next: 57%
MP   0/39        EV 12     Int 25      God:
Gold 911         SH  0     Dex 19      Spells: 10 memorised,  1 level left

rFire  . . .     SeeInvis .     K - +1 flail (protect)
rCold  . . .     Clarity  .     F - +1 ring mail of the Sun {MR+ Int+3}
rNeg   . . .     rCorr    .     (no shield)
rPois  .         rRot     .     I - +0 helmet
rElec  .         Spirit   +     c - +1 cloak {MR+}
SustAb .         Warding  .     N - +0 pair of gloves
rMut   .         Stasis   .     l - +0 pair of boots
Gourm  .                        P - amulet of guardian spirit
MR     +++..                    f - ring of magical power
                                O - ring of wizardry

@: very slightly contaminated, repel missiles, extremely resistant to hostile
enchantments, unstealthy
A: no striking features
a: no special abilities


You were on level 4 of the Orcish Mines.
You were very hungry.

You visited 2 branches of the dungeon, and saw 14 of its levels.

You collected 1511 gold pieces.
You spent 600 gold pieces at shops.

Inventory:

Hand weapons
 x - a +2 hand axe of flaming
 K - a +1 flail of protection (weapon)
 M - a +1 flail of protection
Missiles
 k - a throwing net (quivered)
Armour
 c - a +1 cloak of magic resistance (worn)
 l - a +0 pair of boots (worn)
 F - the +1 ring mail of the Sun (worn) {MR+ Int+3}
   (You took it off a kobold on level 6 of the Dungeon)

   It affects your intelligence (+3).
   It affects your resistance to hostile enchantments.
 I - a +0 helmet (worn)
 N - a +0 pair of gloves (worn)
Magical devices
 e - a wand of cold (0)
 g - a wand of cold (0)
 i - a wand of fire (0)
 y - a wand of confusion (10)
 z - a wand of flame (11)
 J - a wand of slowing (11)
Comestibles
 h - 7 royal jellies
 n - 12 fruits
 A - a meat ration
Scrolls
 a - a scroll of noise {unknown}
 m - a scroll of enchant weapon {unknown}
 s - 4 scrolls of amnesia
 w - 3 scrolls of remove curse
 E - a scroll of brand weapon {unknown}
 Q - a scroll of torment {unknown}
Jewellery
 f - a ring of magical power (right hand)
 j - an uncursed amulet of resist mutation
 o - an uncursed ring of poison resistance
 v - an uncursed ring of see invisible
 O - a ring of wizardry (left hand)
 P - an amulet of guardian spirit (around neck)
Potions
 d - a potion of lignification
 p - a potion of curing
 q - 2 potions of might
 r - a potion of cancellation {unknown}
 t - 2 potions of poison
 u - a potion of confusion {unknown}
 B - a potion of resistance {unknown}
 D - a potion of berserk rage
 R - 2 potions of magic {unknown}
Books
 b - a book of Flames

   Spells                             Type                      Level
   *Flame Tongue                      Conjuration/Fire             1
   *Throw Flame                       Conjuration/Fire             2
   *Conjure Flame                     Conjuration/Fire             3
   Inner Flame                        Hexes/Fire                   3
   *Sticky Flame                      Conjuration/Fire             4
   *Fireball                          Conjuration/Fire             5
 C - a book of Air

   Spells                             Type                      Level
   *Shock                             Conjuration/Air              1
   *Swiftness                         Charms/Air                   2
   *Repel Missiles                    Charms/Air                   2
   Flight                             Charms/Air                   3
   *Static Discharge                  Conjuration/Air              3
   Lightning Bolt                     Conjuration/Air              5
 G - a book of Annihilations {highlevel, unknown}

   This book is beyond your current level of understanding.

   Spells                             Type                      Level
   Poison Arrow                       Conjuration/Poison           6
   Chain Lightning                    Conjuration/Air              8
   Lehudib's Crystal Spear            Conjuration/Earth            8
   Glaciate                           Conjuration/Ice              9
   Fire Storm                         Conjuration/Fire             9
 H - a Grand Grimoire {highlevel, unknown}

   This book is beyond your current level of understanding.

   Spells                             Type                      Level
   Aura of Abjuration                 Summoning                    6
   Forceful Dismissal                 Summoning                    6
   Summon Greater Demon               Summoning                    7
   Malign Gateway                     Summoning/Translocation      7
   Summon Horrible Things             Summoning                    8
 L - a book of Necromancy

   Spells                             Type                      Level
   Pain                               Necromancy                   1
   Animate Skeleton                   Necromancy                   1
   Vampiric Draining                  Necromancy                   3
   *Regeneration                      Charms/Necromancy            3
   Animate Dead                       Necromancy                   4
   Control Undead                     Necromancy                   4


   Skills:
 + Level 3.0 Fighting
 + Level 2.0(2.3) Axes
 + Level 1.6(2.1) Maces & Flails
 + Level 5.0 Armour
 + Level 6.0 Dodging
 + Level 3.0 Stealth
 + Level 0.5 Unarmed Combat
 + Level 8.8 Spellcasting
 + Level 8.6 Conjurations
 + Level 0.1 Charms
 + Level 0.1 Necromancy
 + Level 6.9 Fire Magic
 + Level 5.3 Air Magic
 + Level 1.3 Evocations


You had one spell level left.
You knew the following spells:

 Your Spells              Type           Power        Failure   Level  Hunger
a - Flame Tongue          Conj/Fire      #####        1%          1    None
b - Throw Flame           Conj/Fire      #####.       1%          2    None
c - Conjure Flame         Conj/Fire      #####...     1%          3    None
d - Static Discharge      Conj/Air       #####...     1%          3    None
e - Swiftness             Chrm/Air       ###.....     1%          2    None
f - Shock                 Conj/Air       ####         1%          1    None
g - Repel Missiles        Chrm/Air       ###...       1%          2    None
h - Sticky Flame          Conj/Fire      #####...     1%          4    ##.....
i - Fireball              Conj/Fire      #####.....   4%          5    ####...
j - Regeneration          Chrm/Necr      ##........   10%         3    None


Dungeon Overview and Level Annotations

Branches:
Dungeon (10/15)            Temple (0/1) D:4             Orc (4/4) D:10
    Elf (0/3) Orc:3          Lair (0/8) D:10

Shops:
D:7 =   Orc:3 [


Message History

* * * LOW HITPOINT WARNING * * *
An orc comes into view. It is wielding a club.
Drink which item? (? for menu, Esc to quit)
You feel better.
The orc priest mumbles some strange prayers to Beogh against you.
Something smites you!
* * * LOW HITPOINT WARNING * * *
The orc priest calls down the wrath of Beogh upon you.
Something smites you!
* * * LOW HITPOINT WARNING * * *
The orc priest calls down the wrath of Beogh upon you.
Something smites you!
* * * LOW HITPOINT WARNING * * *
Evoke which item? (* to show all) (? for menu, Esc to quit)
Okay, then.
The orc priest's eyes start to glow.
The orc warrior misses you.
The orc priest calls down the wrath of Beogh upon you.
Something smites you!
You die...

#.............#
##.#.........##
######.........#
###.##..........##
#................#
..%.##..........##
.................#
..#.......##.....#
...#.......#....@#
..).%)..)..##....#
.)..))).........o#
##....)).........#
.#.............o.#
).........)...oo.#
...[).......o....#
............o....#
#######.....o....#


You could see 2 orc warriors, 2 orc priests and 2 orcs.

Vanquished Creatures
  Erolcha (D:8)
  An unseen horror (D:10)
  Pikel (D:8)
  An orc knight (Orc:4)
  The ghost of salade2fruit the Slasher, an experienced OpFi of the Shining One (D:7)
  Maurice (D:10)
  Joseph (Orc:2)
  The ghost of salade2fruit the Quickloader, an experienced KoHu of Okawaru (D:5)
  A gargoyle (D:10)
  Psyche (D:8)
  A troll (D:10)
  A two-headed ogre (D:8)
  A trapdoor spider (D:10)
  3 basilisks (D:10)
  6 yaks (D:10)
  Grum (D:8)
  A warg (Orc:4)
  A hippogriff (D:10)
  The ghost of CrazyArbalest the Bolt Thrower, an average DsHu (D:4)
  A hungry ghost (D:7)
  Edmund (D:7)
  3 wolves (D:8)
  2 porcupines (D:10)
  2 ice beasts
  2 phantoms
  3 sky beasts (D:7)
  2 slaves (D:8)
  3 black bears
  3 centaurs
  12 orc warriors
  9 ogres
  A big kobold (D:10)
  5 crocodiles (D:10)
  Blork the orc (D:8)
  A giant frog (D:7)
  A cyclops zombie (D:10)
  9 scorpions
  A wyvern skeleton (D:10)
  A yak zombie (D:9)
  An eye of draining (D:10)
  7 killer bees (D:9)
  A quasit (D:9)
  3 crimson imps
  A centaur skeleton (D:9)
  10 jellies
  5 hounds
  18 orc priests
  3 iguanas (D:9)
  23 orc wizards
  6 worker ants
  A killer bee zombie (D:5)
  Jessica (D:3)
  Terence (D:3)
  A hound skeleton (D:9)
  10 adders
  3 gnolls (D:10)
  4 green rats (D:10)
  An orc skeleton (D:8)
  An inept feature mimic (D:8)
  3 shadow imps
  3 worms
  6 giant mites
  An adder zombie (D:8)
  A giant gecko (D:8)
  8 oozes
  137 orcs
  8 giant cockroaches
  16 hobgoblins
  15 jackals
  22 kobolds
  3 quokkas
  2 ball pythons
  27 bats
  4 giant newts
  A giant spore (D:7)
  25 goblins
  A jackal skeleton (D:4)
  A kobold skeleton (D:8)
  A quokka zombie (D:8)
  23 rats
  A rat skeleton (D:4)
  A rat zombie (D:8)
  8 ballistomycetes
508 creatures vanquished.

Vanquished Creatures (others)
  A centaur (D:8)
  An adder (D:4)
  A giant spore (D:8)
  A fungus (D:4)
4 creatures vanquished.

Grand Total: 512 creatures vanquished

Notes
Turn   | Place    | Note
--------------------------------------------------------------
     0 | D:1      | Johnny, the Demigod Fire Elementalist, began the quest for the Orb.
     0 | D:1      | Reached XP level 1. HP: 14/14 MP: 3/3
   406 | D:1      | Reached skill level 3 in Fire Magic
   415 | D:1      | Reached skill level 1 in Conjurations
   415 | D:1      | Reached XP level 2. HP: 12/20 MP: 0/4
   748 | D:1      | Learned a level 2 spell: Throw Flame
  1361 | D:1      | Reached XP level 3. HP: 20/26 MP: 6/8
  1585 | D:2      | Found a burning altar of Makhleb.
  2633 | D:3      | Learned a level 3 spell: Conjure Flame
  2702 | D:3      | Reached skill level 1 in Armour
  2702 | D:3      | Reached XP level 4. HP: 10/33 MP: 0/11
  3194 | D:3      | Noticed Terence
  3655 | D:3      | Killed Terence
  3764 | D:3      | Noticed Jessica
  3787 | D:3      | Killed Jessica
  3787 | D:3      | Reached XP level 5. HP: 39/39 MP: 9/12
  4834 | D:4      | Reached XP level 6. HP: 29/46 MP: 8/17
  5117 | D:4      | Noticed CrazyArbalest's ghost (average DsHu)
  5158 | D:4      | Killed CrazyArbalest's ghost
  5158 | D:4      | Reached skill level 4 in Fire Magic
  5318 | D:4      | Found a burning altar of Makhleb.
  5942 | D:4      | Found a staircase to the Ecumenical Temple.
  6072 | D:4      | Reached skill level 1 in Fighting
  6072 | D:4      | Reached skill level 1 in Axes
  6072 | D:4      | Reached XP level 7. HP: 37/52 MP: 0/19
  6882 | D:5      | Entered Level 5 of the Dungeon
  7000 | D:5      | Noticed salade2fruit's ghost (experienced KoHu)
  7516 | D:6      | Learned a level 3 spell: Static Discharge
  7519 | D:6      | Learned a level 2 spell: Swiftness
  7521 | D:6      | Learned a level 1 spell: Shock
  7524 | D:6      | Learned a level 2 spell: Repel Missiles
  7609 | D:6      | Got a brightly glowing ring mail
  7618 | D:6      | Reached XP level 8. HP: 59/59 MP: 5/22
  7736 | D:6      | Identified the cursed +1 ring mail of the Sun {MR+ Int+3} (You took it off a kobold on level 6 of the Dungeon)
  7831 | D:6      | Reached skill level 1 in Air Magic
  7987 | D:6      | Reached skill level 5 in Spellcasting
  8435 | D:5      | Killed salade2fruit's ghost
  8435 | D:5      | Reached skill level 5 in Fire Magic
  9194 | D:7      | Found Izem Asu's Jewellery Boutique.
  9198 | D:7      | Bought an uncursed ring of magical power for 240 gold pieces
  9305 | D:7      | Found a bloodstained altar of Trog.
  9329 | D:7      | Noticed salade2fruit's ghost (experienced OpFi)
  9344 | D:7      | Killed salade2fruit's ghost
  9344 | D:7      | Reached skill level 5 in Conjurations
  9344 | D:7      | Reached XP level 9. HP: 60/67 MP: 9/25
  9519 | D:7      | Learned a level 4 spell: Sticky Flame
  9852 | D:7      | Reached skill level 6 in Spellcasting
  9853 | D:7      | Noticed Edmund
  9861 | D:7      | Killed Edmund
 10359 | D:8      | Noticed Grum
 10370 | D:8      | Killed Grum
 10554 | D:8      | Noticed Blork the orc
 10561 | D:8      | Killed Blork the orc
 10610 | D:8      | Found a sand-covered staircase.
 10617 | D:8      | the sand-covered staircase was a mimic.
 10723 | D:8      | Found a snail-covered altar of Cheibriados.
 10724 | D:8      | Noticed Erolcha
 10732 | D:8      | Killed Erolcha
 10904 | D:8      | Found a glowing silver altar of Zin.
 10907 | D:8      | Found a deep blue altar of Sif Muna.
 10949 | D:8      | Found a blossoming altar of Fedhas.
 11089 | D:8      | Reached XP level 10. HP: 73/73 MP: 26/27
 11094 | D:8      | Noticed Pikel
 11111 | D:8      | Killed Pikel
 11111 | D:8      | Reached skill level 7 in Spellcasting
 11750 | D:8      | Noticed Psyche
 11758 | D:8      | Killed Psyche
 11793 | D:8      | Learned a level 5 spell: Fireball
 12922 | D:9      | Reached skill level 5 in Dodging
 13662 | D:10     | Entered Level 10 of the Dungeon
 13796 | D:10     | Reached skill level 8 in Spellcasting
 13837 | D:10     | Reached skill level 1 in Evocations
 13837 | D:10     | Reached XP level 11. HP: 32/80 MP: 3/29
 14130 | D:10     | Found a sparkling altar of Nemelex Xobeh.
 14152 | D:10     | Found a staircase to the Lair.
 14234 | D:10     | Found a staircase to the Orcish Mines.
 14611 | D:10     | Noticed Maurice
 14617 | D:10     | Killed Maurice
 14617 | D:10     | Reached skill level 1 in Maces & Flails
 15673 | D:10     | Noticed an unseen horror
 15676 | D:10     | Killed an unseen horror
 16052 | D:7      | Bought an uncursed ring of wizardry for 360 gold pieces
 16156 | D:9      | Learned a level 3 spell: Regeneration
 16201 | Orc:1    | Entered Level 1 of the Orcish Mines
 16904 | Orc:2    | Noticed Joseph
 16911 | Orc:2    | Killed Joseph
 16911 | Orc:2    | Reached skill level 5 in Air Magic
 17135 | Orc:3    | Found Kinigi Lamesk's Armour Boutique.
 17597 | Orc:3    | Found a staircase to the Elven Halls.
 17718 | Orc:4    | Entered Level 4 of the Orcish Mines
 18754 | Orc:4    | Reached skill level 5 in Armour
 18763 | Orc:4    | HP: 1/82 [orc priest/divine providence (10)]
 18774 | Orc:4    | Killed from afar by an orc priest

Action                   |  1- 3 |  4- 6 |  7- 9 | 10-12 || total
-------------------------+-------+-------+-------+-------++-------
Melee: Unarmed           |    37 |       |       |       ||    37
       Hand axe          |    83 |    29 |    68 |       ||   180
       Dagger            |     1 |       |       |       ||     1
       Flail             |       |       |    33 |   102 ||   135
Throw: Throwing net      |       |       |       |     1 ||     1
 Cast: Flame Tongue      |    52 |    92 |   128 |   164 ||   436
       Throw Flame       |     9 |    37 |    30 |    39 ||   115
       Conjure Flame     |     1 |     2 |     4 |     3 ||    10
       Shock             |       |       |   165 |   233 ||   398
       Static Discharge  |       |       |    22 |    39 ||    61
       Repel Missiles    |       |       |     1 |     2 ||     3
       Sticky Flame      |       |       |    10 |    22 ||    32
       Fireball          |       |       |       |    57 ||    57
       Regeneration      |       |       |       |     2 ||     2
Evoke: Wand              |       |       |     3 |    15 ||    18
  Use: Scroll            |       |     4 |     7 |    11 ||    22
       Potion            |       |     1 |     1 |    11 ||    13
 Stab: Confused          |       |       |       |     2 ||     2
  Eat: Chunk             |     2 |     3 |     4 |     4 ||    13
       Bread ration      |     2 |     1 |     2 |     4 ||     9
       Fruit             |       |       |     2 |     1 ||     3
       Royal jelly       |       |       |     1 |     3 ||     4
       Beef jerky        |       |       |     1 |       ||     1
       Pizza             |       |       |     1 |       ||     1
       Meat ration       |       |       |       |     1 ||     1
